 Dungeon Crawl Stone Soup version 0.14-a0-2604-g6f603d6 (webtiles) character file.

130 4tharraofdagon the Twirler (level 4, 0/23 HPs)
             Began as a Vine Stalker Gladiator on Feb 13, 2014.
             Succumbed to a kobold's poison
             ... on Level 5 of the Dungeon.
             The game lasted 00:02:16 (599 turns).

4tharraofdagon the Twirler (Vine Stalker Gladiator)  Turns: 599, Time: 00:02:17

HP   0/23        AC 12     Str 18      XL: 4   Next: 49%
MP   7/14        EV 10     Int  8      God:
Gold 44          SH  0     Dex 15      Spells:  0 memorised,  3 levels left

rFire  . . .     SeeInvis .     a - +0 quarterstaff
rCold  . . .     Clarity  .     m - +3 orc chain mail
rNeg   . . .     Conserve .     (no shield)
rPois  .         rCorr    .     c - +0 helmet
rElec  .         rRot     +     (no cloak)
SustAb . .       Spirit   +     (no gloves)
rMut   .         Warding  .     (no boots)
Saprov . . .     Stasis   .     (no amulet)
MR     .....                    u - ring of magical power
                                t - +4 ring of evasion

@: very poisoned, very slightly contaminated, hasted, very quick, not resistant
to hostile enchantments, extremely unstealthy
A: fangs 2, regeneration 1, magic shield, antimagic bite, no device heal
a: no special abilities


You were on level 5 of the Dungeon.
You were not hungry.

You visited 1 branch of the dungeon, and saw 5 of its levels.

You collected 44 gold pieces.

Inventory:

Hand weapons
 a - a +0,+0 quarterstaff (weapon)
Missiles
 d - 2 throwing nets (quivered)
 g - 4 tomahawks
 l - a throwing net [frayed]
Armour
 b - a +0 leather armour
 c - a +0 helmet (worn)
 h - a +0 buckler
 k - a +0 orcish scale mail
 m - a +3 orcish chain mail (worn)
Magical devices
 o - a wand of draining (1)
Comestibles
 f - a bread ration
 s - a snozzcumber
Scrolls
 e - 4 scrolls of identify {unknown}
 i - 3 scrolls of remove curse {unknown}
 q - 2 scrolls of random uselessness {unknown}
Jewellery
 p - an uncursed ring of fire
 t - a +4 ring of evasion (left hand)
 u - a ring of magical power (right hand)
Books
 j - the Collected Works on Excruciating Intoxication
   (You found it on level 4 of the Dungeon)

   Spells                             Type                      Level
   Sting                              Conjuration/Poison           1
   Cure Poison                        Poison                       2
   Mephitic Cloud                     Conjuration/Poison/Air       3
   Spider Form                        Transmutation/Poison         3
   Throw Icicle                       Conjuration/Ice              4
   Summon Scorpions                   Summoning/Poison             4


   Skills:
 + Level 2.0 Fighting
 * Level 3.6 Staves
 - Level 1.7 Throwing
 + Level 1.3 Armour
 + Level 3.0 Dodging
 + Level 0.2 Evocations


You had 3 spell levels left.
You didn't know any spells.

Dungeon Overview and Level Annotations

Branches:
Dungeon (5/16)
 Temple: D:4-7

Altars:
Fedhas


Innate Abilities, Weirdness & Mutations

You have extremely sharp teeth.
Your natural rate of healing is unusually fast.
When hurt, damage is shared between your health and your magic reserves.
Your bite disrupts and absorbs the magic of your enemies.
Potions and wands cannot restore your HP.


Message History

Drink which item? (? for menu, Esc to quit)
That seemed strangely inert.
It was a potion of heal wounds.
You feel very sick.
You feel sick.
Things that are here:
a dagger of venom; a kobold corpse You feel sick.
You feel very sick.
You feel sick.
You feel very sick.
You feel very sick.
* * * LOW HITPOINT WARNING * * *
You feel very sick.
You open the door.
A goblin comes into view. It is wielding an orcish club.
* * * LOW HITPOINT WARNING * * *
You feel very sick.
The goblin shouts!
Found a cutlass and an elven robe.
You die...

#######
#.....#
#.....#
#.....#
...#####)....#
.........(...+
########.(...#
#........<##
#@#########
#.....#
#.g...#
#..[).+
#.....#
#.....#
#.....#
##.####


You could see a goblin.

Vanquished Creatures
  A hound (D:4)
  An iguana (D:4)
  A giant gecko (D:1)
  7 orcs (D:4)
  5 bats
  A giant cockroach (D:2)
  2 hobgoblins (D:4)
  2 kobolds
  3 rats
23 creatures vanquished.

Notes
Turn   | Place    | Note
--------------------------------------------------------------
     0 | D:1      | 4tharraofdagon, the Vine Stalker Gladiator, began the quest for the Orb.
     0 | D:1      | Reached XP level 1. HP: 11/11 MP: 1/1
    18 | D:1      | You fall through a shaft!
   136 | D:2      | Reached XP level 2. HP: 15/15 MP: 3/3
   267 | D:4      | Identified the Collected Works on Excruciating Intoxication
   273 | D:4      | Reached skill level 3 in Staves
   349 | D:4      | Reached skill level 1 in Armour
   349 | D:4      | Reached XP level 3. HP: 18/18 MP: 4/4
   364 | D:4      | Found a blossoming altar of Fedhas.
   494 | D:4      | Reached XP level 4. HP: 23/23 MP: 5/5
   561 | D:5      | Entered Level 5 of the Dungeon
   599 | D:5      | Succumbed to a kobold's poison

Action                   |  1- 3 |  4- 6 || total
-------------------------+-------+-------++-------
Melee: Quarterstaff      |    64 |     9 ||    73
Throw: Throwing net      |     1 |       ||     1
Evoke: Wand              |     1 |       ||     1
  Use: Potion            |       |     2 ||     2
